 Dungeon Crawl Stone Soup version 0.31.0-9-g3a7656b989 (console) character file.

Game seed: 12783473889531458085

10332 AlterAsc the Severer (level 11, -4/112 HPs)
             Began as a Formicid Fighter on Jan 28, 2024.
             Was a High Priest of Okawaru.
             Slain by an alligator skeleton (8 damage)
             ... in a volcano.
             The game lasted 00:23:21 (8319 turns).

AlterAsc the Severer (Formicid Fighter)             Turns: 8319, Time: 00:23:22

Health: -4/112     AC: 25    Str: 25    XL:     11   Next: 91%
Magic:  13/13      EV:  2    Int:  8    God:    Okawaru [*****.]
Gold:   530        SH:  5    Dex: 13    Spells: 10/10 levels left

rFire   + . .        a - +0 war axe
rCold   . . .        c - +0 buckler
rNeg    . . .        m - melded +0 ring mail of Hedonism {rC+ Slay+2}
rPois   +            (helmet unavailable)
rElec   .            w - melded +0 cloak
rCorr   .            q - melded +0 pair of gloves
SInv    +            (boots currently unavailable)
Will    +....        N - amulet of regeneration
Stlth   +            t - ring "Kozyet" {Fly rF+ SInv}
HPRegen 1.18/turn    h - +5 ring of evasion
MPRegen 0.13/turn

%: no passive effects
@: mighty, tree-form
A: stationary, stasis, torment immunity, boosted hp, permanent stasis, dig
shafts and tunnels, (antennae 3), four strong arms
a: Renounce Religion, Heroism, Finesse, Duel


You were in a volcano.
You worshipped Okawaru.
Okawaru was extremely pleased with you.
You were a tree.
You visited 3 branches of the dungeon, and saw 11 of its levels.
You also visited: Sewer and Volcano.

You collected 530 gold pieces.

Inventory:

Hand Weapons
 a - a +0 war axe (weapon)
 x - a +0 halberd of flaming
Missiles
 g - 17 poisoned darts (quivered)
 y - 4 boomerangs
 C - 3 throwing nets
 J - a curare-tipped dart
Armour
 c - a +0 buckler (worn)
 m - the +0 ring mail of Hedonism (melded) {rC+ Slay+2}
   (You found it on level 2 of the Dungeon)

   Slay+2:    It affects your accuracy & damage with ranged weapons and melee
   (+2).
   rC+:       It protects you from cold.
 o - a +0 chain mail
 q - a +0 pair of gloves (melded)
 w - a +0 cloak (melded)
 B - a +0 kite shield
Jewellery
 f - a ring of protection from fire
 h - a +5 ring of evasion (right branch)
 n - a ring of resist corrosion
 t - the ring "Kozyet" (left branch) {Fly rF+ SInv}
   (You found it on level 4 of the Dungeon)

   [ring of see invisible]

   rF+:       It protects you from fire.
   SInv:      It lets you see invisible.
   Fly:       It grants you flight.
 K - an amulet of the acrobat
 N - an amulet of regeneration (around neck)
Scrolls
 b - 3 scrolls of teleportation
 i - a scroll of blinking {unknown}
 r - 2 scrolls of vulnerability
 v - 3 scrolls of enchant weapon
 z - 2 scrolls of amnesia {unknown}
 A - a scroll of revelation {unknown}
 E - a scroll of fear {unknown}
 F - a scroll of acquirement {unknown}
 I - a scroll of poison {unknown}
 O - a scroll of torment {unknown}
 P - a scroll of identify
Potions
 e - a potion of ambrosia {unknown}
 j - a potion of lignification
 p - 2 potions of magic {unknown}
 s - 4 potions of resistance {unknown}
 u - 2 potions of cancellation {unknown}
 D - 2 potions of enlightenment
 G - 2 potions of haste {unknown}
 H - a potion of mutation {unknown}
 L - a potion of attraction {unknown}
 M - a potion of invisibility {unknown}


   Skills:
 - Level 3.2 Fighting
 + Level 17.4 Axes
 - Level 3.2 Armour
 - Level 4.0 Shields
 - Level 3.0 Invocations


You had 10 spell levels left.
You didn't know any spells.
Your spell library contained the following spells:

 Spells                   Type           Power      Damage    Failure   Level
 Slow                     Hex            0%         N/A       45%         1
 Sting                    Conj/Alch      0%         1d3       45%         1
 Jinxbite                 Hex            0%         N/A       61%         2
 Mercury Vapours          Alch/Air       0%         N/A       61%         2
 Confusing Touch          Hex            0%         N/A       83%         3
 Sigil of Binding         Hex            0%         N/A       83%         3
 Vampiric Draining        Necr           0%         2d6       83%         3
 Olgreb's Toxic Radiance  Alch           0%         N/A       99%         4
 Yara's Violent Unravell  Hex/Alch       0%         3d3       100%        5
 Enfeeble                 Hex            0%         N/A       100%        7


Dungeon Overview and Level Annotations

Branches:
Dungeon (9/15)             Temple (1/1) D:4            Lair (1/5) D:8
  Sewer (visited)         Volcano (1/1)
    Orc: D:9-12

Altars:
Cheibriados
Dithmenos
Elyvilon
Fedhas
Gozag
Hepliaklqana
Makhleb
Nemelex Xobeh
Okawaru
Qazlal
Ru
Sif Muna
Trog
Uskayaw
Vehumet
Wu Jian
Yredelemnul
Zin
The Shining One

Shops:
D:8 *

Annotations:
D:5 1 runed translucent door, exclusion: door, Crazy Yiuf


Innate Abilities, Weirdness & Mutations

You are a tree.
Your roots penetrate the ground, keeping you stationary.
You cannot be teleported.
You are immune to unholy pain and torment.
Your maximum health is greatly increased.
Your equipment is partially melded.
You cannot be hasted, slowed, berserked, paralysed or teleported.
You can dig through walls and to a lower floor.
((You have a pair of large antennae on your head. (SInv)))
Your four strong arms can wield two-handed weapons with a shield.


Message History

Press: ? - help, v - describe, . - travel, g - get item
Here: an anaconda skeleton (moderately damaged, constricting you)
Items here: a +0 mace; a +0 morningstar.
An open door.
Press: ? - help, v - describe, . - travel, g - get item
Here: an anaconda skeleton (moderately damaged, constricting you)
Items here: a +0 mace; a +0 morningstar.
An open door.
You feel very mighty all of a sudden.
You feel like a meek peon again. The anaconda skeleton bites you!
* * * LOW HITPOINT WARNING * * *
The anaconda skeleton constricts you.
* * * LOW HITPOINT WARNING * * *
The anaconda skeleton bites you but does no damage.
The anaconda skeleton constricts you.
Okay, then.
Okay, then.
Unknown command.
You slice the anaconda skeleton!!
The anaconda skeleton is severely damaged.
The anaconda skeleton bites you but does no damage.
The anaconda skeleton constricts you.
You slice the anaconda skeleton!!
The anaconda skeleton is almost destroyed.
The anaconda skeleton bites you but does no damage.
The anaconda skeleton constricts you.
You barely miss the anaconda skeleton.
The anaconda skeleton is almost destroyed.
The anaconda skeleton bites you but does no damage.
The anaconda skeleton constricts you.
* * * LOW HITPOINT WARNING * * *
You slice the anaconda skeleton!!
You destroy the anaconda skeleton!
Okawaru is honoured by your kill.
You slash the alligator skeleton!
The alligator skeleton is lightly damaged.
The alligator skeleton tail-slaps you.
* * * LOW HITPOINT WARNING * * *
The alligator skeleton bites you!
You die...

###. #.... #### ###.....
#... ###....... ###.∩.##
###.........
##......#######........§.≈
.........9##..........≈≈§§
#.#..#(###.≈...§.)≈≈§§≈≈§
#......Z♣......§≈≈≈§≈≈§≈§
#.#..#.###.≈...§.≈§≈≈§≈≈≈
........{##.....§≈§§§≈≈≈§
#......# ###..≈≈§§§≈§≈≈≈
##.##.## ##≈≈§§§§≈≈≈§§ {#.
#. ##≈≈§§≈≈≈§§§ # #.
##§§§§≈§§§8 #. ###§≈≈§§≈≈
##§§§§≈≈ ##≈§≈§≈ ##≈≈≈§


You could see an alligator skeleton.

Vanquished Creatures
  Erica (D:8)
  A skeletal warrior (Volcano)
  An anaconda skeleton (Volcano)
  2 gargoyles (Volcano)
  A rime drake (Lair:1)
  A komodo dragon (Lair:1)
  5 blink frogs (Lair:1)
  9 yaks (Lair:1)
  Eustachio (D:5)
  A wraith (D:7)
  2 basilisks (Lair:1)
  A wyvern (D:8)
  2 steam dragons
  4 water moccasins
  3 sky beasts
  2 black bears
  2 laughing skulls (Volcano)
  An ogre (D:5)
  2 centaurs
  4 wolves (Lair:1)
  A kobold brigand (D:8)
  3 phantoms
  A weeping skull (Volcano)
  5 bullfrogs
  2 wyvern zombies (D:5)
  2 gnoll sergeants
  2 scorpions
  3 water moccasin zombies (D:5)
  A water moccasin skeleton (D:5)
  5 killer bees (D:8)
  A troll skeleton (Volcano)
  A spriggan skeleton (Volcano)
  2 howler monkeys
  4 bullfrog zombies (D:5)
  2 centaur zombies (D:5)
  2 jellies
  A bombardier beetle (D:6)
  A gnoll bouda (D:5)
  4 orc priests
  A sleepcap (D:5)
  A bullfrog skeleton (D:5)
  2 centaur skeletons (D:5)
  6 orc wizards
  2 scorpion zombies (D:5)
  2 hound zombies (D:5)
  A howler monkey skeleton (D:5)
  16 gnolls
  11 adders
  3 river rats (Sewer)
  A shadow imp (D:6)
  A white imp (D:7)
  2 ufetubi (D:6)
  An adder zombie (D:5)
  5 dart slugs
  2 ribbon worms
  29 orcs
  11 endoplasms
  6 giant cockroaches
  7 goblins
  6 hobgoblins
  6 jackals
  5 quokkas
  15 ball pythons
  7 bats
  6 frilled lizards
  12 kobolds
  10 rats
266 creatures vanquished.

Notes
Turn   | Place    | Note
-------+----------+-------------------------------------------
     0 | D:1      | AlterAsc the Formicid Fighter began the quest for the Orb.
     0 | D:1      | Reached XP level 1. HP: 18/18 MP: 1/1
    79 | D:1      | Reached XP level 2. HP: 18/24 MP: 2/2
   336 | D:1      | Reached skill level 3 in Axes
   830 | D:2      | Reached XP level 3. HP: 22/29 MP: 3/3
   967 | D:2      | Identified the +0 ring mail of Hedonism {rC+ Slay+2}
  1165 | D:2      | Reached skill level 4 in Axes
  1165 | D:2      | Reached XP level 4. HP: 34/35 MP: 4/4
  1804 | D:3      | Found a sacrificial altar of Ru.
  1942 | D:3      | Reached XP level 5. HP: 41/41 MP: 5/5
  2028 | D:3      | Reached skill level 5 in Axes
  2381 | D:4      | Noticed a black bear
  2388 | D:4      | Killed a black bear
  2389 | D:4      | Reached skill level 6 in Axes
  2389 | D:4      | Reached XP level 6. HP: 45/47 MP: 6/6
  2403 | D:4      | Identified the ring "Kozyet" {Fly rF+ SInv}
  2475 | D:4      | Found a staircase to the Ecumenical Temple.
  2497 | Temple   | Entered the Ecumenical Temple
  2534 | Temple   | Became a worshipper of Warmaster Okawaru
  2902 | D:4      | Reached skill level 1 in Invocations
  2902 | D:4      | Found a shimmering blue altar of Sif Muna.
  2967 | D:4      | Found a snail-covered altar of Cheibriados.
  3101 | D:4      | Found a basalt altar of Yredelemnul.
  3187 | D:5      | Entered Level 5 of the Dungeon
  3312 | D:5      | Reached XP level 7. HP: 49/52 MP: 8/8
  3315 | D:5      | Noticed Eustachio
  3398 | D:5      | Reached skill level 7 in Axes
  3450 | D:5      | Reached * piety under Okawaru
  3600 | D:5      | Reached skill level 8 in Axes
  3600 | D:5      | Reached XP level 8. HP: 4/58 MP: 10/10
  3886 | D:5      | Reached skill level 9 in Axes
  3966 | D:5      | Killed Eustachio
  3978 | D:5      | Reached skill level 10 in Axes
  4190 | D:5      | Reached XP level 9. HP: 62/64 MP: 11/11
  4202 | D:5      | Reached ** piety under Okawaru
  4560 | D:5      | Found a runed translucent door.
  4561 | D:5      | Noticed Crazy Yiuf
  4605 | D:5      | Reached skill level 11 in Axes
  4847 | D:6      | Reached skill level 12 in Axes
  5062 | D:6      | Found a glowing drain.
  5071 | Sewer    | Entered a sewer
  6029 | D:7      | Reached *** piety under Okawaru
  6032 | D:7      | Reached XP level 10. HP: 53/70 MP: 12/12
  6194 | D:7      | Found a stormy altar of Qazlal.
  6233 | D:7      | Reached skill level 13 in Axes
  6893 | D:8      | Reached skill level 14 in Axes
  6959 | D:8      | Found a staircase to the Lair.
  7119 | D:8      | Found an ornate altar of the Wu Jian Council.
  7161 | D:8      | Reached **** piety under Okawaru
  7176 | D:8      | Found Eqeamio's Assorted Antiques.
  7176 | D:8      | Found a burning altar of Makhleb.
  7179 | D:8      | Noticed Erica
  7201 | D:8      | Killed Erica
  7355 | D:8      | Found a radiant altar of Vehumet.
  7450 | D:8      | Noticed a lindwurm
  7450 | D:8      | Noticed a lindwurm
  7488 | D:9      | Noticed a boulder beetle
  7526 | Lair:1   | Entered Level 1 of the Lair of Beasts
  7526 | Lair:1   | Noticed a rime drake
  7530 | Lair:1   | Killed a rime drake
  7606 | Lair:1   | Reached skill level 15 in Axes
  7639 | Lair:1   | Reached XP level 11. HP: 75/75 MP: 13/13
  7712 | Lair:1   | Reached ***** piety under Okawaru
  7803 | Lair:1   | Reached skill level 16 in Axes
  8004 | Lair:1   | Found a dark tunnel.
  8009 | Volcano  | Entered a volcano
  8141 | Volcano  | Noticed a skeletal warrior
  8261 | Volcano  | Killed a skeletal warrior
  8262 | Volcano  | Reached skill level 17 in Axes
  8307 | Volcano  | HP: 5/112 [gargoyle/stone arrow (21)]
  8311 | Volcano  | Received a gift from Okawaru
  8314 | Volcano  | HP: 4/112 [constriction (3)]
  8319 | Volcano  | HP: 4/112 [alligator skeleton (1)]
  8319 | Volcano  | Slain by an alligator skeleton

Illustrated notes

Levels and vault maps discovered:
D:1:      eino_arrival_druids_welcome, layout_basic
D:2:      layout_basic, cheibrodos_gnoll_hut
D:3:      layout_basic, mainiacjoe_overflow_alcove_2
D:4:      layout_basic, marbit_many_paths, mainiacjoe_overflow_big_doors,
          minmay_temple_entry_mini_moons
D:5:      layout_loops_ring, serial_undead, serial_undead_a, serial_undead_f,
          serial_undead_a, serial_undead_e, serial_undead_b, serial_undead_d,
          serial_undead_b, serial_undead_a, uniq_crazy_yiuf_cottage,
          uniq_eustachio
D:6:      hellmonk_destroyed_diamonds, layout_rooms,
          cheibrodos_sewer_entry_drain
D:7:      layout_gridville, nicolae_qazlal_general_emergency
D:8:      layout_loops_ring, mainiacjoe_overflow_cross_hatched,
          pdpol_wu_jian_five_deadly_venoms, fiery_altar_vehumet,
          dpeg_oklobed_lair, serial_shops, nicolae_shop_gibbet_a_chance,
          minmay_lindwurm_lava, uniq_erica
D:9:      layout_basic, lemuel_doored_altar, minmay_microvault
Temple:   bh_familiar_temple
Lair:1:   layout_roguey, nicolae_volcano_entry_s_turn, gammafunk_ghost_ooze,
          serial_bayou_shore_a
Volcano:  volcano_tomb [vts_chambers]

Skill      XL: |  1  2  3  4  5  6  7  8  9 10 11 |
---------------+----------------------------------+-----
Axes           | 3 4 6 8 10 12 15 17 | 17.4
Invocations    | 2 3 |  3.0
Fighting       | |  3.2
Armour         | |  3.2
Shields        | |  4.0

Action                     |  1- 3 |  4- 6 |  7- 9 | 10-12 || total
---------------------------+-------+-------+-------+-------++-------
  Melee: War axe           |    75 |   179 |   371 |   310 ||   935
         Halberd           |       |       |       |    47 ||    47
  Throw: Dart              |       |       |       |     8 ||     8
 Invoke: Heroism           |       |       |     2 |     1 ||     3
Ability: Dig               |     1 |       |       |       ||     1
    Use: Scroll            |       |       |       |     6 ||     6
         Potion            |       |       |       |    10 ||    10
 Armour: Scale mail        |    22 |       |       |       ||    22
         Ring mail         |     5 |    89 |   189 |   133 ||   416
         Skin              |       |       |       |    52 ||    52
  Dodge: Dodged            |    52 |   109 |   238 |   106 ||   505
  Block: Buckler           |    17 |    47 |    86 |    44 ||   194
